 Dungeon Crawl Stone Soup version 0.31-a0-204-g7da18cac08 (webtiles) character file.

Game seed: 17190045214907552296

193 qw the Skirmisher (level 5, -1/29 HPs)
             Began as a Deep Elf Hunter on June 27, 2023.
             Slain by a goblin
             ... wielding a +0 club
             ... led by Robin
              (2 damage)
             ... on level 3 of the Dungeon.
             The game lasted 00:01:12 (2012 turns).

qw the Skirmisher (Deep Elf Hunter)                 Turns: 2012, Time: 00:01:12

Health: -1/29      AC:  3    Str: 14    XL:     5   Next: 44%
Magic:  7/7        EV: 13    Int: 14    God:
Gold:   200        SH:  0    Dex: 18    Spells: 4/4 levels left

rFire   . . .        Y - +0 shortbow (heavy)
rCold   . . .        (shield currently unavailable)
rNeg    . . .        a - +1 robe of Unreason {Fly Str+4 Slay+3}
rPois   .            (no helmet)
rElec   .            (no cloak)
rCorr   .            (no gloves)
SInv    .            (no boots)
Will    .....        (no amulet)
Stlth   ++           (no ring)
HPRegen 0.24/turn    (no ring)
MPRegen 0.10/turn

%: no passive effects
@: flying
A: no striking features
a: no special abilities


You were on level 3 of the Dungeon.
You visited 1 branch of the dungeon, and saw 3 of its levels.

You collected 200 gold pieces.


   Skills:
 - Level 1.5 Fighting
 + Level 8.7 Ranged Weapons
 - Level 3.0 Dodging
 - Level 1.2 Stealth


You had 4 spell levels left.
You didn't know any spells.
Your spell library was empty.

Inventory:

Hand Weapons
 Y - a +0 heavy shortbow (weapon)
Armour
 a - the +1 robe of Unreason (worn) {Fly Str+4 Slay+3}
   (You found it on level 3 of the Dungeon)

   Str:       It affects your strength (+4).
   Slay:      It affects your accuracy & damage with ranged weapons and melee
   (+3).
   Fly:       It grants you flight.
Jewellery
 b - an amulet of the acrobat
Scrolls
 f - a scroll of identify
Potions
 c - a potion of lignification {unknown}
 e - a potion of heal wounds {unknown}
 g - a potion of curing {unknown}

Dungeon Overview and Level Annotations

Branches:
Dungeon (3/15)

Altars:

Shops:
D:2 (

Annotations:
D:3 Robin


Message History

Robin roars a battlecry!
The goblins go into a battle-frenzy!
You shoot an arrow. The arrow hits the hobgoblin!
You kill the hobgoblin!
Robin throws the goblin at you! The goblin barely misses you.
The jackal barely misses you. The goblin barely misses you. x2
You shoot an arrow. The arrow closely misses the goblin.
The jackal bites you but does no damage.
The jackal closely misses you. The goblin barely misses you. x2
You shoot an arrow. The arrow closely misses the goblin.
The jackal bites you but does no damage.
The goblin closely misses you. The jackal closely misses you.
The goblin barely misses you. The goblin hits you with a +0 club.
The goblin closely misses you.
You shoot an arrow. The arrow hits the goblin!!
You kill the goblin!
The jackal barely misses you. The jackal bites you.
The goblin barely misses you. The goblin misses you.
You shoot an arrow. The arrow completely misses the goblin.
The jackal closely misses you. The goblin barely misses you.
The goblin hits you with a +0 club. The goblin hits you but does no damage.
The jackal closely misses you.
You shoot an arrow. The arrow hits the goblin!
You kill the goblin!
The jackal bites you but does no damage.
The goblin misses you. Robin throws the goblin at you!
The goblin hits you with a +0 club. x2; The jackal misses you.
The goblin barely misses you. The goblin completely misses you.
The goblin barely misses you. The goblin hits you with a +0 club.
You shoot an arrow. The arrow hits the goblin!!
You kill the goblin!
The jackal closely misses you. The goblin hits you with a +0 club.
The goblin barely misses you. The goblin closely misses you.
The jackal misses you.
You shoot an arrow. The arrow hits the goblin!
You kill the goblin!
The jackal bites you but does no damage.
The goblin hits you with a +0 club. The goblin barely misses you.
The goblin hits you with a +0 club.
You die...

#################
##~~..#...#......#
#~~~).'...'..gg).#
##~~~..#...#...@g.#
#~~#########).##h'#
##~~#..........#
..#
#...'........).#
).#
#...'..........#
..#
#...'..........#
..#
#.~~#..........#
..#
#.~~#########..#
..# #..~~~..#..
#..#


You could see a jackal and 3 goblins.

Vanquished Creatures
  5 gnolls (D:3)
  4 adders
  2 worms
  3 dart slugs
  8 orcs (D:3)
  10 ball pythons
  5 bats
  5 endoplasms (D:1)
  2 giant cockroaches
  5 hobgoblins
  5 jackals
  5 quokkas
  5 frilled lizards
  13 goblins
  5 kobolds
  4 rats
86 creatures vanquished.

Notes
Turn   | Place    | Note
-------+----------+-------------------------------------------
     0 | D:1      | qw the Deep Elf Hunter began the quest for the Orb.
     0 | D:1      | Reached XP level 1. HP: 12/12 MP: 3/3
     0 | D:1      | 0 ||| qw: Version: 0.3-a-22-g0ed2b0b
     0 | D:1      | 0 ||| qw: Game counter: 6426
     0 | D:1      | 0 ||| qw: Melee chars always use a shield: true
     0 | D:1      | 0 ||| qw: God list: Okawaru
     0 | D:1      | 0 ||| qw: Allow faded altars: false
     0 | D:1      | 0 ||| qw: Do Orc after clearing Dungeon:15 true
     0 | D:1      | 0 ||| qw: Do second Lair branch before Depths: true
     0 | D:1      | 0 ||| qw: Lair rune preference: random
     0 | D:1      | 0 ||| qw: Goals: Normal
     0 | D:1      | 0 ||| PLANNING D:1-11
    40 | D:1      | 40 ||| FLEEEEING.
    41 | D:1      | 41 ||| FLEEEEING.
    42 | D:1      | 42 ||| FLEEEEING.
    43 | D:1      | 43 ||| FLEEEEING.
    44 | D:1      | 44 ||| FLEEEEING.
    63 | D:1      | HP: 3/12 [endoplasm (1)]
    65 | D:1      | Reached skill level 6 in Ranged Weapons
    65 | D:1      | Reached XP level 2. HP: 5/16 MP: 4/4
    65 | D:1      | 65 ||| FLEEEEING.
    66 | D:1      | 66 ||| FLEEEEING.
    67 | D:1      | 67 ||| FLEEEEING.
    68 | D:1      | 68 ||| FLEEEEING.
    69 | D:1      | 69 ||| FLEEEEING.
    70 | D:1      | 70 ||| FLEEEEING.
    71 | D:1      | 71 ||| FLEEEEING.
    72 | D:1      | 72 ||| FLEEEEING.
    73 | D:1      | 73 ||| FLEEEEING.
    74 | D:1      | 74 ||| FLEEEEING.
    75 | D:1      | 75 ||| FLEEEEING.
    76 | D:1      | 76 ||| FLEEEEING.
    77 | D:1      | 77 ||| FLEEEEING.
    78 | D:1      | 78 ||| FLEEEEING.
    79 | D:1      | 79 ||| FLEEEEING.
    80 | D:1      | 80 ||| FLEEEEING.
    84 | D:1      | 84 ||| FLEEEEING.
    85 | D:1      | 85 ||| FLEEEEING.
   428 | D:1      | Reached XP level 3. HP: 20/20 MP: 5/5
   559 | D:1      | 559 ||| UPGRADING to +0 ring mail.
   569 | D:1      | 569 ||| DROPPING +0 leather armour.
   570 | D:1      | 570 ||| READING scroll labelled IDAOX HUDON.
   571 | D:1      | 571 ||| READING scroll labelled OTWIUM UV YMA.
   572 | D:1      | 572 ||| READING scroll labelled DACLEOSSIU.
   575 | D:1      | 575 ||| READING scroll labelled JIADUR HIMP.
   576 | D:1      | 576 ||| READING scroll labelled CIHEBU WASAOMA.
   577 | D:1      | 577 ||| DROPPING scroll of butterflies.
   601 | D:2      | 601 ||| STAIRDANCE
   663 | D:2      | Reached skill level 7 in Ranged Weapons
   694 | D:2      | Reached XP level 4. HP: 25/25 MP: 6/6
   723 | D:2      | Found Paesiasch's Weapon Emporium.
   729 | D:2      | 729 ||| SHOPLISTING +1 heavy longbow (243 gold, have 73).
  1014 | D:2      | 1014 ||| READING scroll labelled RANILAENEL.
  1015 | D:2      | 1015 ||| READING scroll labelled MATWUB HUYV.
  1016 | D:2      | 1016 ||| READING scroll labelled DIERUS HUIDGH.
  1018 | D:2      | 1018 ||| Stepping ~*~*~tactically~*~*~ (cloud).
  1175 | D:3      | Identified the +1 robe of Unreason {Fly Str+4 Slay+3}
  1277 | D:3      | Reached skill level 8 in Ranged Weapons
  1299 | D:3      | 1299 ||| FLEEEEING.
  1300 | D:3      | 1300 ||| FLEEEEING.
  1307 | D:3      | 1307 ||| FLEEEEING.
  1308 | D:3      | HP: 6/25 [poisoned by a kobold]
  1316 | D:3      | 1316 ||| FLEEEEING.
  1317 | D:3      | 1317 ||| FLEEEEING.
  1318 | D:3      | 1318 ||| FLEEEEING.
  1319 | D:3      | 1319 ||| FLEEEEING.
  1320 | D:3      | 1320 ||| FLEEEEING.
  1321 | D:3      | 1321 ||| FLEEEEING.
  1322 | D:3      | 1322 ||| FLEEEEING.
  1323 | D:3      | 1323 ||| FLEEEEING.
  1324 | D:3      | 1324 ||| FLEEEEING.
  1325 | D:3      | 1325 ||| FLEEEEING.
  1326 | D:3      | 1326 ||| FLEEEEING.
  1327 | D:3      | 1327 ||| FLEEEEING.
  1328 | D:3      | 1328 ||| FLEEEEING.
  1329 | D:3      | 1329 ||| FLEEEEING.
  1330 | D:3      | 1330 ||| FLEEEEING.
  1331 | D:3      | 1331 ||| FLEEEEING.
  1332 | D:3      | 1332 ||| FLEEEEING.
  1333 | D:3      | 1333 ||| FLEEEEING.
  1334 | D:3      | 1334 ||| FLEEEEING.
  1335 | D:3      | 1335 ||| FLEEEEING.
  1336 | D:3      | 1336 ||| FLEEEEING.
  1337 | D:3      | 1337 ||| FLEEEEING.
  1338 | D:3      | 1338 ||| FLEEEEING.
  1339 | D:3      | 1339 ||| FLEEEEING.
  1340 | D:3      | 1340 ||| FLEEEEING.
  1341 | D:3      | 1341 ||| FLEEEEING.
  1342 | D:3      | 1342 ||| FLEEEEING.
  1353 | D:3      | 1353 ||| FLEEEEING.
  1354 | D:3      | 1354 ||| FLEEEEING.
  1355 | D:3      | 1355 ||| FLEEEEING.
  1356 | D:3      | 1356 ||| FLEEEEING.
  1357 | D:3      | 1357 ||| FLEEEEING.
  1358 | D:3      | 1358 ||| FLEEEEING.
  1359 | D:3      | 1359 ||| FLEEEEING.
  1360 | D:3      | 1360 ||| FLEEEEING.
  1361 | D:3      | 1361 ||| FLEEEEING.
  1365 | D:3      | 1365 ||| STAIRDANCE
  1437 | D:2      | 1437 ||| UPGRADING to +1 robe of Unreason {Fly Str+4
                  | Slay+3}.
  1447 | D:2      | 1447 ||| DROPPING +0 ring mail.
  1448 | D:2      | 1448 ||| READING scroll labelled VIEXZIEPON.
  1565 | D:3      | Reached skill level 3 in Dodging
  1565 | D:3      | Reached XP level 5. HP: 29/29 MP: 7/7
  1568 | D:3      | 1568 ||| FLEEEEING.
  1571 | D:3      | 1571 ||| FLEEEEING.
  1572 | D:3      | 1572 ||| FLEEEEING.
  1573 | D:3      | 1573 ||| FLEEEEING.
  1574 | D:3      | 1574 ||| FLEEEEING.
  1575 | D:3      | 1575 ||| FLEEEEING.
  2002 | D:3      | Noticed Robin
  2011 | D:3      | HP: 6/29 [goblin/+0 club[Robin] (4)]
  2012 | D:3      | HP: 1/29 [goblin/+0 club[Robin] (5)]
  2012 | D:3      | Slain by a goblin

Levels and vault maps discovered:
D:1:      sevenhm_arrival_forest_fort_small_6, layout_loops_ring
D:2:      layout_rooms, serial_shops, nicolae_shop_stone, grunt_ministairs_2,
          hangedman_abyss_or_decor_lesser_grid
D:3:      kennysheep_goblin_castle, layout_basic

Skill      XL: |  1  2  3  4 |
---------------+-------------+-----
Ranged Weapons | 6 7 8 |  8.7
Dodging        | 3 |  3.0
Fighting       | |  1.5
Stealth        | |  1.2

Action                     |  1- 3 |  4- 6 || total
---------------------------+-------+-------++-------
   Fire: Shortbow          |    89 |   112 ||   201
    Use: Scroll            |     5 |     4 ||     9
 Armour: Leather armour    |     5 |       ||     5
         Ring mail         |     7 |     1 ||     8
         Robe              |       |    10 ||    10
  Dodge: Dodged            |    19 |    47 ||    66

Table legend:
 A = Non-vault XP
 B = Vault XP
 C = Vault XP percentage of total XP
 D = Non-vault monster count
 E = Vault monster count
 F = Vault count percentage of total count
                 A         B        C        D         E       F
            +---------+---------+-------+---------+---------+-------
      Total |     236 |      42 |  15.1 |      70 |      16 |  18.6
            +---------+---------+-------+---------+---------+-------
        D:1 |      51 |       3 |   5.6 |      32 |       2 |   5.9
        D:2 |      64 |       0 |   0.0 |      14 |       0 |   0.0
        D:3 |     121 |      39 |  24.4 |      24 |      14 |  36.8
            +---------+---------+-------+---------+---------+-------
